 Dungeon Crawl Stone Soup version 0.29.1-2-gbd0b4ee654 (webtiles) character file.

Game seed: 4422178047656201284

2 GorkyZ the Magician (level 1, 0/13 HPs)
             Began as a Demonspawn Hedge Wizard on Nov 23, 2022.
             Slain by a jackal (3 damage)
             ... on level 1 of the Dungeon.
             The game lasted 00:01:52 (127 turns).

GorkyZ the Magician (Demonspawn Hedge Wizard)        Turns: 127, Time: 00:01:53

Health: 0/13       AC:  2    Str: 10    XL:     1   Next: 33%
Magic:  1/4        EV: 12    Int: 15    God:
Gold:   0          SH:  0    Dex: 12    Spells: 5/6 levels left

rFire   . . .      SeeInvis .   a - +0 dagger
rCold   . . .      Faith    .   (no shield)
rNeg    . . .      Spirit   .   b - +0 robe
rPois   .          Reflect  .   c - +0 hat
rElec   .          Harm     .   (no cloak)
rCorr   .          Rampage  .   (no gloves)
Will    .....                   (no boots)
Stlth   ++........              (no amulet)
HPRegen 0.04/turn               (no ring)
MPRegen 0.09/turn               (no ring)

@: no status effects
A: no striking features
a: no special abilities


You were on level 1 of the Dungeon.
You visited 1 branch of the dungeon, and saw 1 of its levels.

Inventory:

Hand Weapons
 a - a +0 dagger (weapon)
Armour
 b - a +0 robe (worn)
 c - a +0 hat (worn)
Potions
 d - a potion of magic
 e - a potion of ambrosia {unknown}


   Skills:
 + Level 0.2 Fighting
 + Level 1.8 Dodging
 + Level 1.8 Stealth
 + Level 3.0 Spellcasting
 + Level 1.0 Conjurations
 + Level 1.0 Summonings
 + Level 0.9 Translocations


You had 5 spell levels left.
You knew the following spells:

 Your Spells              Type           Power      Damage    Failure   Level
a - Magic Dart            Conj           20%        1d4       13%         1

Your spell library contained the following spells:

 Spells                   Type           Power      Damage    Failure   Level
 Slow                     Hex            8%         N/A       21%         1
 Blink                    Tloc           10%        N/A       21%         2
 Call Imp                 Summ           5%         N/A       21%         2
 Conjure Flame            Conj/Fire      3%         6-21      43%         3
 Mephitic Cloud           Conj/Pois/Air  3%         N/A       45%         3


Dungeon Overview and Level Annotations

Branches:
Dungeon (1/15)

Altars:

Shops:
D:1 !


Message History

You are very lightly contaminated with residual magic.
Nothing appears to happen.
The jackal barks!
The magic dart hits the jackal.
The jackal is heavily wounded.
The magic dart hits the jackal but does no damage.
The jackal is moderately wounded.
You are out of magic!
You are out of magic!
The jackal bites you.
You hit the jackal.
The jackal is heavily wounded.
The jackal bites you. The jackal closely misses you.
The jackal bites you but does no damage.
The jackal barely misses you.
You barely miss the jackal.
The jackal is heavily wounded.
The jackal misses you. The jackal barely misses you.
The jackal attacks as you move away! The jackal barely misses you.
Your magical contamination has completely faded away.
The jackal bites you. The jackal attacks as you move away!
The jackal closely misses you. The jackal bites you. x2
* * * LOW HITPOINT WARNING * * *
The jackal bites you but does no damage.
The jackal attacks as you move away!
The jackal bites you but does no damage.
The jackal attacks as you move away! The jackal closely misses you.
The jackal bites you.
* * * LOW HITPOINT WARNING * * *
The jackal barely misses you. The jackal attacks as you move away!
The jackal barely misses you. The jackal closely misses you.
The jackal attacks as you move away! The jackal closely misses you.
The jackal attacks as you move away! The jackal closely misses you.
The jackal closely misses you. The jackal attacks as you move away!
The jackal bites you but does no damage.
The jackal attacks as you move away! The jackal bites you.
You die...

#.#.###...#...........
#...# #...#...........
#.#.# #...#...........
#...# #...#...........
#.#.# #...####....####
#...# ##### #.........
#####.#.###### #.........
.............# ##.........
.............# #@.........
......<......###h#........
.............##.h#########
.............##..........
##############...........
###............
#...#.......... .
#.###..........
...##.#............


You could see 2 jackals.

Vanquished Creatures
  A ball python (D:1)
  A hobgoblin (D:1)
2 creatures vanquished.

Notes
Turn   | Place    | Note
-------+----------+-------------------------------------------
     0 | D:1      | GorkyZ the Demonspawn Hedge Wizard began the quest for the
                  | Orb.
     0 | D:1      | Reached XP level 1. HP: 13/13 MP: 4/4
    98 | D:1      | Found Paky's Distillery.
   127 | D:1      | Slain by a jackal

Illustrated notes

Levels and vault maps discovered:
D:1:      lemuel_arrival_hallway, layout_basic, serial_shops,
          nicolae_shop_waterfront, shop_fountains, shop, minmay_tall_x

Action                   || total
-------------------------++-------
Melee: Dagger            ||     4
 Cast: Magic Dart        ||     8
Armor: Robe              ||     4
Dodge: Dodged            ||    14
